 Dungeon Crawl Stone Soup version 0.23.1 (webtiles) character file.

Game seed: 14006946037267083176

146 Fang the Skirmisher (level 5, -3/49 HPs)
             Began as a Gargoyle Berserker on Mar 13, 2019.
             Was a Believer of Trog.
             Killed by divine providence
             ... invoked by an orc priest
              (12 damage)
             ... on level 3 of the Dungeon.
             The game lasted 00:01:50 (2885 turns).

Fang the Skirmisher (Gargoyle Berserker)            Turns: 2885, Time: 00:01:51

Health: -3/49      AC:  6    Str: 26    XL:     5   Next: 28%
Magic:  5/5        EV: 12    Int:  8    God:    Trog [**....]
Gold:   244        SH:  0    Dex:  9    Spells: 4/4 levels left

rFire    . . .     SeeInvis .   a - +0 hand axe
rCold    . . .     Gourm    .   (no shield)
rNeg     + . .     Faith    .   b - +0 animal skin
rPois    ∞         Spirit   .   (no helmet)
rElec    +         Reflect  .   (no cloak)
rCorr    .         Harm     .   (no gloves)
MR       +....                  (no boots)
Stlth    ..........             (no amulet)
HPRegen  0.16/turn              (no ring)
MPRegen  0.09/turn              o - ring of protection from magic

@: berserking, very quick
A: negative energy resistance 1, electricity resistance, unbreathing,
petrification resistance, rot immunity, AC +4
a: Berserk, Trog's Hand, Renounce Religion


You were on level 3 of the Dungeon.
You worshipped Trog.
Trog was pleased with you.
You were not hungry.

You visited 1 branch of the dungeon, and saw 3 of its levels.

You collected 244 gold pieces.

Inventory:

Hand Weapons
 a - a +0 hand axe (weapon)
Armour
 b - a +0 animal skin (worn)
Jewellery
 o - a ring of protection from magic (right hand)
Scrolls
 d - 2 scrolls of teleportation {unknown}
 e - a scroll of magic mapping {unknown}
 f - a scroll of fog {unknown}
 g - 4 scrolls of identify {unknown}
 h - 7 scrolls of remove curse {unknown}
 j - a scroll of noise {unknown}
 q - a scroll of enchant weapon {unknown}
 r - a scroll of random uselessness {unknown}
Potions
 i - a potion of magic {unknown}
 k - a potion of flight {unknown}
 l - a potion of brilliance {unknown}
 n - 2 potions of haste {unknown}
 p - a potion of agility {unknown}
Comestibles
 c - 11 rations
 m - a chunk of flesh


   Skills:
 + Level 4.2 Fighting
 + Level 3.5 Axes
 + Level 3.4 Armour
 + Level 2.5 Dodging


You had 4 spell levels left.
You didn't know any spells.
Your spell library was empty.

Dungeon Overview and Level Annotations

Branches:
Dungeon (3/15)

Altars:


Innate Abilities, Weirdness & Mutations

You are resistant to torment.
Your stone body is resilient. (AC +4)
You are immune to poison.
You resist negative energy. (rN+)
You are resistant to electric shocks. (rElec)
You can survive without breathing.
You are immune to petrification.
You are immune to rotting.


Message History

The orc wizard is severely wounded.
You closely miss the orc priest.
The orc wizard casts a spell.
The orc wizard seems to speed up.
The orc priest calls down the wrath of Beogh upon you.
Pain shoots through your body!
* * * LOW HITPOINT WARNING * * *
You hit the orc wizard.
The orc wizard is almost dead.
You barely miss the orc priest.
The orc wizard hits you but does no damage.
You hit the orc priest.
The orc priest is moderately wounded.
You slash the orc wizard!
You kill the orc wizard!
Trog accepts your kill.
Trog appreciates your killing of a magic user.
The orc priest invokes the aid of Beogh against you.
Beogh smites you!
You die...

#.# ### #.# ..### #.#
# #.#.## #.# # ##....
######.##### #....
............# # #.o.
######...##.. #.#o)#
#.....### #.#.@####
##...## # #.......#
##.## # #.#.=#..# #÷#
# # ##....# #.#
#.###.#.# ##'##
#.......# ##...##
#####.### ##.....##
##.## ##.......##
####...####.........#


You could see an orc priest and an orc.

Vanquished Creatures
  2 orc wizards (D:3)
  An adder (D:3)
  An ooze (D:1)
  3 worms
  A dart slug (D:2)
  3 leopard geckos
  6 orcs (D:3)
  3 giant cockroaches
  5 goblins
  12 hobgoblins
  9 kobolds
  4 bats
  A frilled lizard (D:2)
  8 rats
59 creatures vanquished.

Notes
Turn   | Place    | Note
-------+----------+-------------------------------------------
     0 | D:1      | Fang the Gargoyle Berserker began the quest for the Orb.
     0 | D:1      | Reached XP level 1. HP: 14/14 MP: 1/1
    57 | D:1      | Reached XP level 2. HP: 12/19 MP: 2/2
   438 | D:1      | Reached XP level 3. HP: 22/24 MP: 3/3
   830 | D:2      | Reached ** piety under Trog
  1875 | D:3      | Reached XP level 4. HP: 14/29 MP: 4/4
  2052 | D:3      | Reached skill level 4 in Fighting
  2863 | D:3      | Reached XP level 5. HP: 22/33 MP: 5/5
  2885 | D:3      | Killed from afar by an orc priest

Skill      XL: |  1  2  3  4 |
---------------+-------------+-----
Axes           | 3 |  3.5
Dodging        | 2 |  2.5
Fighting       | 4 |  4.2
Armour         | 3 |  3.4

Action                   |  1- 3 |  4- 6 || total
-------------------------+-------+-------++-------
Melee: Hand axe          |   119 |   108 ||   227
Invok: Berserk           |       |     2 ||     2
 Stab: Sleeping          |     2 |       ||     2
  Eat: Chunk             |     3 |     5 ||     8
Armor: Animal skin       |    33 |    34 ||    67
Dodge: Dodged            |    89 |    60 ||   149
